 Dungeon Crawl Stone Soup version 0.30-a0-760-g5a9884bb7c (webtiles) character file.

Game seed: 9228737792693478948

107 mopl the Sneak (level 4, 0/23 HPs)
             Began as a Vine Stalker Brigand on Feb 10, 2023.
             Slain by Ijyb
             ... wielding a +0 dagger
              (2 damage)
             ... on level 3 of the Dungeon.
             The game lasted 00:02:18 (2792 turns).

mopl the Sneak (Vine Stalker Brigand)               Turns: 2792, Time: 00:02:18

Health: 0/23       AC:  3    Str: 20    XL:     4   Next: 86%
Magic:  0/5        EV: 11    Int: 11    God:
Gold:   164        SH:  0    Dex: 17    Spells: 3/3 levels left

rFire   . . .      SeeInvis .    a - +3 dagger
rCold   . . .      Faith    .    (no shield)
rNeg    . . .      Spirit   +    b - +0 robe
rPois   .          Reflect  .    (no helmet)
rElec   .          Harm     .    c - +0 cloak
rCorr   .          Rampage  .    (no gloves)
Will    .....                    (no boots)
Stlth   +++                      (no amulet)
HPRegen 1.03/turn                p - +6 ring of strength
MPRegen 0.09/turn                (no ring)

@: no status effects
A: fangs 2, regeneration 1, magic shield, antimagic bite, no potion heal 2
a: no special abilities


You were on level 3 of the Dungeon.
You visited 1 branch of the dungeon, and saw 3 of its levels.

You collected 203 gold pieces.
You spent 39 gold pieces at shops.

Inventory:

Hand Weapons
 a - a +3 dagger (weapon)
 r - a +2 dagger
Missiles
 d - 11 poisoned darts (quivered)
 e - 3 curare-tipped darts
 f - 66 stones
 l - a throwing net
Armour
 b - a +0 robe (worn)
 c - a +0 cloak (worn)
Jewellery
 p - a +6 ring of strength (left hand)
Scrolls
 g - 4 scrolls of identify {unknown}
 h - a scroll of fog {unknown}
 k - a scroll of enchant weapon {unknown}
 m - a scroll of magic mapping {unknown}
 n - a scroll of fear {unknown}
 o - a scroll of teleportation {unknown}
Potions
 i - a potion of resistance {unknown}
 j - 3 potions of flight {unknown}
 q - 2 potions of curing {unknown}
 s - a potion of heal wounds {unknown}


   Skills:
 + Level 2.6 Fighting
 + Level 2.7 Short Blades
 + Level 2.6 Throwing
 - Level 0.7 Dodging
 + Level 5.6 Stealth


You had 3 spell levels left.
You didn't know any spells.
Your spell library contained the following spells:

 Spells                   Type           Power      Damage    Failure   Level
 Tukima's Dance           Hex            0%         N/A       71%         3
 Passage of Golubria      Tloc           0%         N/A       98%         4
 Yara's Violent Unravell  Hex/Tmut       0%         3d3       100%        5


Dungeon Overview and Level Annotations

Branches:
Dungeon (3/15)

Altars:
Wu Jian

Shops:
D:2 (

Annotations:
D:3 Ijyb, Robin


Innate Abilities, Weirdness & Mutations

You have extremely sharp teeth.
Your natural rate of healing is unusually fast.
When hurt, damage is shared between your health and your magic reserves.
Your bite disrupts and absorbs the magic of your enemies.
Potions cannot restore your health.


Message History

The hobgoblin barely misses you. Ijyb hits you but does no damage.
You barely miss Ijyb.
Ijyb is lightly wounded.
The hobgoblin hits you but does no damage.
Ijyb barely misses you.
You barely miss Ijyb. Your bite misses Ijyb.
Ijyb is lightly wounded.
Robin says, "Feeling lonely?"
The hobgoblin hits you. Ijyb hits you with a +0 dagger.
You hit Ijyb. Your bite misses Ijyb.
Ijyb is moderately wounded.
The hobgoblin hits you.
* * * LOW HITPOINT WARNING * * *
Ijyb hits you with a +0 dagger.
* * * LOW HITPOINT WARNING * * *
You hit Ijyb. You bite Ijyb, but do no damage.
Ijyb is moderately wounded.
The hobgoblin hits you.
* * * LOW HITPOINT WARNING * * *
Ijyb hits you with a +0 dagger.
* * * LOW HITPOINT WARNING * * *
Press: ? - help, v - describe, . - travel
Here: Ijyb, wielding a +0 dagger, wearing a +0 leather armour and carrying a wand of flame (9) (moderately wounded)
The floor, spattered with blood.
Unknown command.
Okay, then.
You aren't carrying any items that you can evoke.
Unknown command.
You hit Ijyb.
Ijyb is moderately wounded.
You hit Ijyb but do no damage. You bite Ijyb. You drain her power.
You feel invigorated.
Ijyb is heavily wounded.
The hobgoblin hits you but does no damage.
Ijyb hits you with a +0 dagger.
* * * LOW HITPOINT WARNING * * *
You hit Ijyb. Your bite misses Ijyb.
Ijyb is heavily wounded.
The hobgoblin completely misses you. Ijyb hits you with a +0 dagger.
You die...

########
##......###
#..#.......
#gg#gg.....
#gg........
#g##.......
#@# .......
########g#
.......
#........#
.......
#........#
.......
#........#
#......
#........#
.##### ..
#........#
#### #.
#........#
#.#.....#
#.
#........#
#.......r
#.


You could see Ijyb, Robin and 4 hobgoblins.

Vanquished Creatures
  2 adders (D:2)
  2 worms
  4 dart slugs
  10 ball pythons
  10 bats
  6 endoplasms
  A giant cockroach (D:1)
  4 hobgoblins
  7 jackals
  2 quokkas
  4 frilled lizards
  7 goblins
  8 kobolds
  3 rats
70 creatures vanquished.

Notes
Turn   | Place    | Note
-------+----------+-------------------------------------------
     0 | D:1      | mopl the Vine Stalker Brigand began the quest for the Orb.
     0 | D:1      | Reached XP level 1. HP: 11/11 MP: 2/2
   163 | D:1      | Reached skill level 5 in Stealth
   163 | D:1      | Reached XP level 2. HP: 15/15 MP: 3/3
   167 | D:1      | Reached skill level 2 in Fighting
   167 | D:1      | Reached skill level 2 in Short Blades
   167 | D:1      | Reached skill level 2 in Throwing
   327 | D:1      | Reached XP level 3. HP: 18/18 MP: 4/4
  1507 | D:2      | Gained mutation: Your natural rate of healing is unusually
                  | fast. [Vine Stalker growth]
  1507 | D:2      | Reached XP level 4. HP: 18/23 MP: 5/5
  1700 | D:2      | Found Xeloas's Weapon Emporium.
  1705 | D:2      | Bought a throwing net for 39 gold pieces
  2599 | D:3      | Found an ornate altar of the Wu Jian Council.
  2768 | D:3      | Noticed Ijyb
  2768 | D:3      | Noticed Robin
  2789 | D:3      | HP: 1/23 [Ijyb/+0 dagger (1)]
  2792 | D:3      | Slain by Ijyb

Illustrated notes

Levels and vault maps discovered:
D:1:      minmay_arrival_shattered_statue, layout_basic, st_stairs_10,
          minmay_pentomino_v2
D:2:      layout_loops_corners, serial_shops, shop
D:3:      layout_basic, nicolae_wu_jian_immortal_techniques, nicolae_goblin_pals

Skill      XL: |  1  2 |
---------------+-------+-----
Stealth        | 5 |  5.6
Fighting       | 2 |  2.6
Short Blades   | 2 |  2.7
Throwing       | 2 |  2.6
Dodging        | |  0.7

Action                     |  1- 3 |  4- 6 || total
---------------------------+-------+-------++-------
  Melee: Dagger            |    90 |    77 ||   167
         Bite              |    15 |    15 ||    30
         Punch             |       |     1 ||     1
   Stab: Sleeping          |    14 |    12 ||    26
 Armour: Robe              |    23 |    16 ||    39
  Dodge: Dodged            |    34 |    35 ||    69

Table legend: (Time is in decaauts)
 A = Elapsed time spent in this place.
 B = Non-inter-level travel time spent in this place.
 C = Inter-level travel time spent in this place.
 D = Time resting spent in this place.
 E = Time spent auto-exploring this place.
 F = Levels seen in this place.
 G = Mean time per level.
                   A        B        C        D        E       F      G
               +--------+--------+--------+--------+--------+-----+--------+
         Total |   2771 |   2643 |    128 |      0 |   2177 |   3 |  923.7 |
       Dungeon |   2771 |   2643 |    128 |      0 |   2177 |   3 |  923.7 |
               +--------+--------+--------+--------+--------+-----+--------+

Top non-repeatable levels by time:
     D:1: 1345 daAuts
     D:2: 888 daAuts
     D:3: 537 daAuts
